 Dungeon Crawl Stone Soup version 0.24-a0-769-g368c1644f8 (webtiles) character file.

Game seed: 1917753958575951070, levelgen mode: deterministic

71773 MalarOregon the Destroyer (level 14, -3/93 HPs)
             Began as a Pale Draconian Conjurer on Oct 6, 2019.
             Was an Initiate of Gozag.
             Slain by a shadow wraith (15 damage)
             ... on level 14 of the Dungeon.
             The game lasted 01:32:34 (36765 turns).

MalarOregon the Destroyer (DrCj)                   Turns: 36765, Time: 01:32:34

Health: -3/93      AC: 15    Str: 14    XL:     14   Next: 99%
Magic:  5/32       EV: 16    Int: 19    God:    Gozag
Gold:   3057       SH:  8    Dex:  8    Spells: 17/41 levels left

rFire    + + .     SeeInvis .   R - +8 whip "Snakebite" {curare, rPois, !f}
rCold    + . .     Gourm    .   Z - +2 buckler
rNeg     + . .     Faith    .   (armour unavailable)
rPois    +         Spirit   .   U - +2 hat
rElec    .         Reflect  +   Y - scarf {rC+ rF+}
rCorr    .         Harm     .   N - +2 pair of gloves
MR       ++...                  (no boots)
Stlth    ++........             O - amulet "Zyvapnap" {Reflect rF+ rN+ Str+2 Dex-4 SH+2}
HPRegen  0.25/turn              T - ring of the Tempest {rPois MR+}
MPRegen  0.23/turn              r - +2 ring of protection

@: slowed, very slow
A: breathe steam, unfitting armour, cold-blooded, AC +8
a: Breathe Steam, Potion Petition, Call Merchant, Bribe Branch, Renounce
Religion


You were on level 14 of the Dungeon.
You worshipped Gozag.
Gozag was most pleased with you.
You were very hungry.

You visited 3 branches of the dungeon, and saw 21 of its levels.
You also visited: Ossuary and Bailey.

You collected 7799 gold pieces.
You spent 4081 gold pieces at shops.
You paid 661 gold pieces to Gozag.

Inventory:

Hand Weapons
 B - the +6 lajatang of Prudence {drain, Int+4, unknown}
   (You found it on level 6 of the Lair of Beasts)

   A truly terrible weapon, it drains the life of those it strikes.
   It affects your intelligence (+4).
 R - the +8 whip "Snakebite" (weapon) {curare, rPois, !f}
   (You found it on level 5 of the Lair of Beasts)

   It poisons the flesh of those it strikes.
   It protects you from poison.
Missiles
 b - 9 throwing nets {!f}
 D - 6 curare-tipped darts (quivered) {!f}
Armour
 n - a +2 cloak
   (You found it on level 2 of the Dungeon)
 N - a +2 pair of gloves (worn)
   (You bought it in a shop on level 8 of the Dungeon)
 U - a +2 hat (worn)
   (You found it on level 6 of the Lair of Beasts)
 Y - a scarf of resistance (worn)
   (You bought it in a shop on level 8 of the Dungeon)
 Z - a +2 buckler (worn)
   (You took it off a tengu warrior on level 13 of the Dungeon)
Jewellery
 i - an uncursed ring of protection from fire
   (You took it off a centaur on level 12 of the Dungeon)
 j - an uncursed ring of fire
   (You found it on level 2 of the Dungeon)
 l - an uncursed ring of protection from magic
   (You found it on level 1 of the Dungeon)
 r - a +2 ring of protection (right hand)
   (You found it on level 3 of the Dungeon)
 w - an uncursed amulet of faith {unknown}
   (You found it on level 6 of the Dungeon)
 K - a cursed amulet of inaccuracy {unknown}
   (You found it on level 9 of the Dungeon)
 O - the amulet "Zyvapnap" (around neck) {Reflect rF+ rN+ Str+2 Dex-4 SH+2}
   (You bought it in a shop on level 8 of the Dungeon)

   [amulet of reflection]

   It shields you and reflects attacks.
   It affects your strength (+2).
   It affects your dexterity (-4).
   It protects you from fire.
   It protects you from negative energy.
   It affects your SH (+2).
 T - the ring of the Tempest (left hand) {rPois MR+}
   (You found it on level 5 of the Lair of Beasts)

   [ring of poison resistance]

   It protects you from poison.
   It affects your resistance to hostile enchantments.
Wands
 c - a wand of disintegration (7)
   (You found it on level 12 of the Dungeon)
 d - a wand of iceblast (7)
   (You found it on level 4 of the Dungeon)
 t - a wand of flame (25)
   (You found it on level 2 of the Lair of Beasts)
 u - a wand of paralysis (6)
   (You found it on level 1 of the Lair of Beasts)
 x - a wand of acid (13)
   (You took it off an orc warrior on level 7 of the Dungeon)
 P - a wand of polymorph (7)
   (You found it on level 11 of the Dungeon)
Scrolls
 h - 5 scrolls of amnesia
 m - a scroll of fog
 o - 9 scrolls of remove curse {@r2}
 y - 2 scrolls of fear
 F - 3 scrolls of blinking
 G - 2 scrolls of magic mapping
 H - 2 scrolls of noise {!r}
 L - 3 scrolls of teleportation {@r4}
 M - a scroll of holy word
 Q - 2 scrolls of enchant armour
 V - a scroll of vulnerability {unknown}
 W - a scroll of immolation {!r}
 X - 3 scrolls of identify {@r1}
Potions
 a - 6 potions of magic
 f - 18 potions of curing {@q1}
 g - 4 potions of brilliance
 k - 6 potions of flight
 p - a potion of resistance
 q - 6 potions of berserk rage
 s - 8 potions of mutation {!q}
 v - a potion of agility
 A - 9 potions of heal wounds {@q2}
 C - 8 potions of lignification {!q}
 E - 6 potions of might
 I - 2 potions of ambrosia
 J - 3 potions of cancellation
 S - 7 potions of haste {@q3}
Comestibles
 e - 11 rations {!d}


   Skills:
 - Level 10.0 Dodging
 - Level 1.7 Stealth
 - Level 4.2 Shields
 - Level 14.0 Spellcasting
 - Level 14.0 Conjurations
 + Level 10.4 Air Magic
 - Level 10.0 Evocations


You had 17 spell levels left.
You knew the following spells:

 Your Spells              Type           Power        Failure   Level  Hunger
a - Magic Dart            Conj           ####         0%          1    None
b - Tornado               Air            ######....   100%        9    #######
c - Conjure Ball Lightni  Conj/Air       ######....   4%          6    #####..
x - Iskenderun's Mystic   Conj           ######..     1%          4    None
z - Summon Lightning Spi  Summ/Air       ####....     6%          4    None

Your spell library contained the following spells:

 Spells                   Type           Power        Failure   Level  Hunger
 Searing Ray              Conj           ######       1%          2    None
 Dazzling Spray           Conj/Hex       #####.       1%          3    None
 Force Lance              Conj/Tloc      #####...     2%          4    None
 Fulminant Prism          Conj/Hex       #####.....   2%          4    None
 Summon Butterflies       Summ           ##......     4%          1    None
 Summon Small Mammal      Summ           ##..         4%          1    None
 Sublimation of Blood     Necr           ##........   8%          2    None
 Bolt of Draining         Conj/Necr      #####.....   8%          5    ####...
 Recall                   Summ/Tloc      N/A          14%         3    None
 Silence                  Hex/Air        ####......   16%         5    ####...
 Animate Dead             Necr           N/A          43%         4    None
 Deflect Missiles         Chrm/Air       ####......   65%         6    #####..
 Borgnjor's Vile Clutch   Necr/Erth      ##........   80%         5    ####...
 Summon Forest            Summ/Tloc      ##........   80%         5    ####...
 Death Channel            Necr           ##........   100%        6    #####..
 Simulacrum               Ice/Necr       ##........   100%        6    #####..


Dungeon Overview and Level Annotations

Branches:
Dungeon (14/15)            Temple (1/1) D:6            Lair (6/6) D:8
 Shoals (0/4) Lair:4        Snake (0/4) Lair:4        Slime (0/5) Lair:6
    Orc (0/2) D:9         Ossuary (visited)          Bailey (visited)
 Vaults: D:13-14

Altars:
Ashenzari
Cheibriados
Dithmenos
Elyvilon
Fedhas
Gozag
Hepliaklqana
Kikubaaqudgha
Makhleb
Nemelex Xobeh
Okawaru
Qazlal
Ru
Sif Muna
Trog
Uskayaw
Vehumet
Wu Jian
Xom
Yredelemnul
Zin
The Shining One
Jiyva

Shops:
D:8 !=[:   D:11 !

Annotations:
D:7 3 runed translucent doors, ViolentOr's ghost, novice GrFi
D:14 Agnes


Innate Abilities, Weirdness & Mutations

You can breathe blasts of scalding, opaque steam.
Your pale cyan-grey scales are hard. (AC +8)
You cannot fit into any form of body armour.
You are cold-blooded and may be slowed by cold attacks.


Message History

You feel yourself slow down.
You barely miss something. You tail-slap something. Something hits you!
* * * LOW HITPOINT WARNING * * *
Something drains your vigour!
You feel as though you will be slow longer.
Something hits you but does no damage.
You hit something. Something hits you!
* * * LOW HITPOINT WARNING * * *
Something drains your vigour!
You feel as though you will be slow longer.
Something hits you but does no damage.
Unknown command.
You whack something! You tail-slap something. Something hits you!
* * * LOW HITPOINT WARNING * * *
Something drains your vigour!
You feel as though you will be slow longer.
Unknown command.
The orb of energy hits something!
Something hits you but does no damage. Something hits you.
* * * LOW HITPOINT WARNING * * *
Something drains your vigour!
You feel as though you will be slow longer.
You feel much better. Something hits you but does no damage.
You don't have enough magic to cast that spell.
You can't see any susceptible monsters within range! (Use Z to cast anyway.)
You hit something. Something hits you but does no damage.
Something barely misses you.
Unknown command.
You hit something but do no damage. You block something's attack.
Something hits you!
* * * LOW HITPOINT WARNING * * *
Something drains your vigour!
You feel as though you will be slow longer.
You barely miss something. Something hits you but does no damage.
Unknown command.
You feel much better. Something hits you!!
* * * LOW HITPOINT WARNING * * *
Something drains your vigour!
You feel as though you will be slow longer.
Something hits you!
You die...
Your body crumbles into a pile of gold.

...#...###........##
H.................#
#........##.##..#
####.............°.#
...........####.##)####
......................#
...........#.#.#....#.#
.............#.#.#### #
#..........#.#.#@####.#
##...........#.#{#....#
......................#
............######.#..#
............# .# #
............# ..
............ ...
...♣♣♣♣.... .... ...♣
♣.. .#..#


There were no monsters in sight!

Vanquished Creatures
  2 entropy weavers (Lair:4)
  5 hydras
  A merfolk avatar (Lair:6)
  A centaur warrior (D:13)
  5 two-headed ogres
  5 death yaks
  A queen ant (Lair:4)
  2 tengu warriors
  Urug (Lair:6)
  A sea snake (Lair:6)
  2 unseen horrors (D:13)
  A harpy (Lair:6)
  A lindwurm (Lair:6)
  An oklob plant (Lair:1)
  2 cyclopes (D:13)
  6 elephants (Lair:6)
  A manticore (Lair:6)
  9 black mambas
  A torpor snail (Lair:4)
  11 spiny frogs
  3 centaur skeletons
  A gargoyle (D:11)
  Psyche (D:8)
  A kobold demonologist (D:13)
  A yaktaur (Lair:4)
  10 komodo dragons
  8 rime drakes
  3 tengu conjurers
  A queen bee (Lair:4)
  3 meliai
  5 polar bears (Lair:6)
  4 trolls
  A jumping spider (shapeshifter) (D:14)
  Grinder (D:6)
  A hornet (Lair:6)
  28 blink frogs
  A snapping turtle (Lair:3)
  6 hippogriffs
  10 dream sheep
  Sigmund (D:3)
  2 shadows
  5 basilisks
  46 yaks
  4 hogs (D:7)
  A human (D:7)
  2 vampire mosquitoes (D:12)
  6 wyverns
  Grum (Lair:1)
  4 hungry ghosts
  Menkaure (D:6)
  A soldier ant (shapeshifter) (D:14)
  An acid dragon (D:12)
  16 water moccasins
  11 soldier ants
  5 porcupines
  Duvessa (D:6)
  6 orc warriors
  3 phantoms
  A hornet zombie (D:12)
  A sky beast (D:11)
  5 ice beasts
  3 black bears
  3 eyes of draining
  2 necrophages
  7 ogres
  8 centaurs
  7 wolves
  13 crocodiles
  A big kobold (D:13)
  11 bullfrogs
  A wyvern zombie (D:14)
  8 gnoll sergeants (Bailey)
  Dowan (D:6)
  A wyvern skeleton (D:11)
  2 water moccasin zombies (Ossuary)
  4 scorpions
  25 killer bees
  4 howler monkeys
  5 wights
  3 electric eels
  6 crimson imps
  2 quasits
  A bullfrog zombie (D:12)
  4 centaur zombies
  7 orc priests
  11 hounds
  2 jellies
  6 orc wizards
  6 gnoll shamans (Bailey)
  7 iguanas
  2 bullfrog skeletons
  26 worker ants
  2 hound zombies
  A hound skeleton (D:7)
  2 mummies (Ossuary)
  2 worker ant zombies
  21 gnolls
  A howler monkey skeleton (D:8)
  15 adders
  3 shadow imps
  8 adder zombies
  6 worms
  5 leopard geckos
  88 orcs
  3 ball pythons
  12 bats
  6 giant cockroaches
  3 gnoll zombies (Ossuary)
  7 goblins
  13 hobgoblins
  15 jackals
  4 quokkas
  7 frilled lizards
  A goblin zombie (D:7)
  6 hobgoblin zombies (Ossuary)
  22 kobolds
  4 kobold zombies (Ossuary)
  A leopard gecko skeleton (D:4)
  A leopard gecko zombie (D:5)
  6 orc zombies (Ossuary)
  A quokka skeleton (D:4)
  A quokka zombie (D:7)
  10 rats
  9 fungi
  2 plants (Lair:6)
749 creatures vanquished.

Vanquished Creatures (collateral kills)
  An eye of draining (D:14)
  An orc wizard (D:14)
  A shadow imp (D:14)
  3 orcs (D:14)
6 creatures vanquished.

Vanquished Creatures (others)
  2 ball lightnings (D:14)
  A centaur (D:12)
  A bush (Lair:6)
  12 fungi
  11 plants
27 creatures vanquished.

Grand Total: 782 creatures vanquished

Notes
Turn   | Place    | Note
-------+----------+-------------------------------------------
     0 | D:1      | MalarOregon the Draconian Conjurer began the quest for the
                  | Orb.
     0 | D:1      | Reached XP level 1. HP: 14/14 MP: 3/3
   374 | D:1      | Reached XP level 2. HP: 15/20 MP: 2/5
  1156 | D:1      | Reached XP level 3. HP: 26/26 MP: 5/7
  1853 | D:2      | Reached XP level 4. HP: 33/33 MP: 6/10
  1864 | D:2      | Learned a level 4 spell: Iskenderun's Mystic Blast
  2443 | D:2      | Found an iron altar of Okawaru.
  3096 | D:3      | Noticed Sigmund
  3111 | D:3      | Killed Sigmund
  3111 | D:3      | Reached skill level 5 in Spellcasting
  3111 | D:3      | Reached skill level 5 in Conjurations
  3111 | D:3      | Reached XP level 5. HP: 24/38 MP: 0/12
  3111 | D:3      | Reached XP level 6. HP: 29/45 MP: 0/13
  3725 | D:3      | Found a bloodstained altar of Trog.
  4283 | D:4      | Noticed a yak
  4283 | D:4      | Noticed a yak
  4283 | D:4      | Noticed a yak
  4284 | D:4      | Noticed a yak
  4295 | D:4      | Killed a yak
  4295 | D:4      | Your scales start taking on a pale cyan-grey colour.
  4295 | D:4      | Reached XP level 7. HP: 6/50 MP: 0/15
  4295 | D:4      | HP: 2/50 [yak (5)]
  4296 | D:4      | Noticed a yak
  4953 | D:4      | Killed a yak
  4954 | D:4      | Noticed a yak
  5477 | D:4      | Killed a yak
  5477 | D:4      | Reached XP level 8. HP: 57/57 MP: 7/18
  6015 | D:5      | Entered Level 5 of the Dungeon
  6638 | D:6      | Reached XP level 9. HP: 46/62 MP: 2/21
  6794 | D:6      | Reached skill level 1 in Shields
  6816 | D:6      | Noticed Duvessa
  7013 | D:6      | Noticed Grinder
  7025 | D:6      | Killed Grinder
  7078 | D:6      | Noticed Menkaure
  7114 | D:6      | Killed Menkaure
  7477 | D:6      | Noticed Dowan
  7482 | D:6      | Killed Duvessa
  7485 | D:6      | Killed Dowan
  7997 | D:6      | Found a staircase to the Ecumenical Temple.
  8116 | Temple   | Entered the Ecumenical Temple
  8311 | Temple   | Became a worshipper of Gozag Ym Sagoz the Greedy
  8726 | D:7      | Noticed ViolentOr's ghost (novice GrFi)
  8727 | D:7      | Found a runed translucent gate.
  8727 | D:7      | Found a runed translucent gate.
  8728 | D:7      | Found a runed translucent gate.
  8814 | D:7      | Found a sand-covered staircase.
  8835 | Ossuary  | Entered an ossuary
  9703 | D:7      | Reached XP level 10. HP: 64/69 MP: 18/23
  9726 | D:7      | Found a sacrificial altar of Ru.
  9726 | D:7      | Found an ornate altar of the Wu Jian Council.
  9763 | D:7      | Reached skill level 10 in Conjurations
 10018 | D:7      | Reached skill level 10 in Spellcasting
 10378 | D:8      | Found Haen Turch's Distillery.
 10383 | D:8      | Bought 2 potions of degeneration for 28 gold pieces
 10384 | D:8      | Bought a potion of heal wounds for 70 gold pieces
 10384 | D:8      | Bought 2 potions of lignification for 84 gold pieces
 10384 | D:8      | Bought 2 potions of might for 112 gold pieces
 10384 | D:8      | Bought a potion of ambrosia for 112 gold pieces
 10384 | D:8      | Bought a potion of cancellation for 112 gold pieces
 10384 | D:8      | Bought a potion of mutation for 112 gold pieces
 10464 | D:8      | Noticed Psyche
 10476 | D:8      | Killed Psyche
 10625 | D:8      | Found Dimeg's Distillery.
 10632 | D:8      | Found a staircase to the Lair.
 10634 | D:8      | Bought a potion of heal wounds for 60 gold pieces
 10634 | D:8      | Bought a potion of heal wounds for 60 gold pieces
 10647 | D:8      | You fall into a shaft and drop 2 floors!
 10647 | D:10     | Entered Level 10 of the Dungeon
 11499 | D:9      | Found a hide-covered altar of Uskayaw.
 11499 | D:9      | Noticed a +0 hand axe
 11499 | D:9      | Noticed a +0 hand axe
 11713 | D:8      | Found Redisch's Armour Shop.
 11722 | D:8      | Bought a +1 pair of gloves for 161 gold pieces
 11835 | D:8      | Found Qulearod's Jewellery Shoppe.
 11838 | D:8      | Bought the amulet "Zyvapnap" {Reflect rF+ rN+ Str+2 Dex-4
                  | SH+2} for 258 gold pieces
 12397 | Lair:1   | Entered Level 1 of the Lair of Beasts
 12924 | Lair:1   | Noticed a spiny frog
 12925 | Lair:1   | Noticed Grum
 12933 | Lair:1   | Killed Grum
 13031 | Lair:1   | Noticed a spiny frog
 13074 | Lair:1   | Killed a spiny frog
 13161 | Lair:1   | Noticed an oklob plant
 13505 | Lair:1   | Killed a spiny frog
 13505 | Lair:1   | Reached XP level 11. HP: 25/74 MP: 2/26
 14161 | Lair:1   | Killed an oklob plant
 14161 | Lair:1   | Reached skill level 5 in Dodging
 14600 | Lair:2   | Reached skill level 1 in Evocations
 16585 | Lair:3   | Reached skill level 5 in Evocations
 17897 | Lair:4   | Noticed a death yak
 18203 | Lair:4   | Found a staircase to the Snake Pit.
 18452 | Lair:4   | Reached XP level 12. HP: 69/81 MP: 14/27
 19182 | Lair:4   | Noticed a six-headed hydra
 19188 | Lair:4   | Killed a six-headed hydra
 19362 | Lair:4   | Noticed an entropy weaver
 19451 | Lair:4   | Killed an entropy weaver
 19584 | Lair:4   | Noticed an entropy weaver
 19610 | Lair:4   | Killed an entropy weaver
 19849 | Lair:4   | Noticed a queen ant
 19856 | Lair:4   | Killed a queen ant
 20599 | Lair:4   | Identified the cursed +0 robe of the Moneychanger {rElec
                  | MR+++ Str-4}
 21430 | Lair:4   | Noticed a six-headed hydra
 21538 | Lair:4   | Killed a six-headed hydra
 21538 | Lair:4   | Reached skill level 10 in Dodging
 21541 | Lair:4   | Reached XP level 13. HP: 61/86 MP: 0/28
 22749 | Lair:4   | Reached skill level 10 in Evocations
 22961 | Lair:4   | Found a staircase to the Shoals.
 24142 | Lair:5   | Got a warped wooden ring
 24525 | Lair:5   | Identified a scroll of acquirement
 24600 | D:8      | Bought a book of the Sky for 780 gold pieces
 24605 | D:8      | Learned a level 4 spell: Summon Lightning Spire
 24615 | D:8      | Learned a level 9 spell: Tornado
 24622 | D:8      | Learned a level 6 spell: Conjure Ball Lightning
 24626 | D:8      | Bought a potion of heal wounds for 60 gold pieces
 24626 | D:8      | Bought a potion of curing for 36 gold pieces
 24626 | D:8      | Bought a potion of curing for 36 gold pieces
 24626 | D:8      | Bought a potion of might for 48 gold pieces
 24626 | D:8      | Bought a potion of cancellation for 96 gold pieces
 24626 | D:8      | Bought a potion of magic for 96 gold pieces
 24626 | D:8      | Bought 2 potions of haste for 240 gold pieces
 24626 | D:8      | Bought a potion of magic for 96 gold pieces
 24667 | D:8      | Bought 2 potions of haste for 280 gold pieces
 24920 | Lair:5   | Identified the ring of the Tempest {rPois MR+} (You found
                  | it on level 5 of the Lair of Beasts)
 24975 | Lair:5   | Reached skill level 1 in Air Magic
 25298 | Lair:5   | Found the +8 whip "Snakebite" {curare, rPois}
 25541 | Lair:6   | Entered Level 6 of the Lair of Beasts
 27085 | Lair:6   | Got a twisted lajatang
 27491 | Lair:6   | Reached skill level 5 in Air Magic
 27762 | Lair:6   | Identified Sif Muna's Compendium of Dark Rituals and
                  | Summoning
 28110 | Lair:6   | Reached XP level 14. HP: 93/93 MP: 10/31
 28907 | Lair:6   | Noticed Urug
 28910 | Lair:6   | Killed Urug
 29151 | Lair:6   | Found a viscous altar of Jiyva.
 29151 | Lair:6   | Found a staircase to the Slime Pits.
 29802 | D:8      | Bought a scarf of resistance for 448 gold pieces
 30256 | D:9      | Found a staircase to the Orcish Mines.
 31050 | D:10     | You fall into a shaft and drop 2 floors!
 31400 | D:11     | Found Kihi's Distillery.
 31403 | D:11     | Bought a potion of berserk rage for 60 gold pieces
 31403 | D:11     | Bought a potion of haste for 120 gold pieces
 31403 | D:11     | Bought a potion of mutation for 96 gold pieces
 31403 | D:11     | Bought 2 potions of heal wounds for 120 gold pieces
 31403 | D:11     | Bought a potion of heal wounds for 60 gold pieces
 31403 | D:11     | Bought a potion of brilliance for 48 gold pieces
 31403 | D:11     | Bought a potion of berserk rage for 60 gold pieces
 31403 | D:11     | Bought a potion of magic for 96 gold pieces
 31403 | D:11     | Bought a potion of flight for 36 gold pieces
 31533 | D:11     | Found a white marble altar of Elyvilon.
 34853 | D:13     | Found a flagged portal.
 34894 | Bailey   | Entered a bailey
 35630 | D:13     | You fall into a shaft and drop 1 floor!
 35742 | D:14     | Noticed Agnes
 36292 | D:13     | Reached skill level 10 in Air Magic
 36765 | D:14     | Slain by a shadow wraith

Levels and vault maps discovered:
D:1:      grunt_arrival_crossed_arrows, layout_loops_ring
D:2:      layout_loops_ring, marbit_many_paths
D:3:      layout_basic, serial_rivers, chequers_serial_rivers_small_a,
          chequers_serial_rivers_micro_a, chequers_serial_rivers_small_a,
          chequers_serial_rivers_marsh, chequers_serial_rivers_room_b,
          chequers_serial_rivers_micro_b, trog_hazing_becter, uniq_sigmund
D:4:      layout_loops_ring, first_ration
D:5:      layout_cave_pools, hex_tiny
D:6:      layout_layer_cave, minmay_temple_entry_fiery, uniq_grinder,
          uniq_duvessa, uniq_menkaure
D:7:      layout_rooms, gammafunk_temple_overflow_elements, enter_ossuary_4,
          gammafunk_ghost_split, grunt_livestock, columned_hall_lemuel
D:8:      layout_loops_ring, lair_entry_dummy, serial_shops,
          nicolae_shop_behind_doors, shop, shop_statue, kennysheep_little_box,
          uniq_psyche
D:9:      layout_roguey [special_room_orc], dancing_weapons_uskayaw,
          hiddenorc2_lemuel
D:10:     layout_basic
D:11:     kennysheep_windowed_halls, layout_loops_ring, serial_shops,
          kennysheep_mini_moat, elyvilon_altar_3
D:12:     argonaut_augean_stables, layout_irregular_city, serial_glass,
          glass_columns_a, glass_columns_c, glass_columns_b, glass_columns_c,
          glass_columns_b, glass_columns_a, glass_columns_a, glass_columns_a,
          glass_columns_b, glass_columns_b, glass_columns_b, glass_columns_c,
          glass_columns_c, glass_columns_a
D:13:     layout_irregular_city, enter_bailey_2, gauntlet_entry_generic
D:14:     layout_basic, david_vaults_4, nrook_campfire, uniq_agnes
Temple:   eino_narrow_crystal_temple
Lair:1:   dpeg_oklob_gauntlet, layout_hall_layers,
          chequers_serial_rivers_small_3, lemuel_fruit_fields, uniq_grum
Lair:2:   layout_cave_pods, infiniplex_staircase_pool_2, grunt_megastairs_5
Lair:3:   layout_gridlike, serial_rivers, chequers_serial_rivers_small_a,
          chequers_serial_rivers_room_b, chequers_serial_rivers_room_b,
          chequers_serial_rivers_large_b, small_statue_intersection,
          chequers_serial_rivers_large_a
Lair:4:   layout_cave_pods, minmay_shoals_entry_hut, dummy_snake_entry,
          special_room [special_room_bee], minmay_another_anthill,
          grunt_megastairs_1
Lair:5:   minmay_guarded_unrand_snakebite, layout_regular_city,
          serial_bayou_shore_a, lemuel_fruit_tree, lemuel_fruit_fields
Lair:6:   gammafunk_lair_ancient_temple, layout_gridlike, slime_altar_1,
          serial_forest, infiniplex_forest_lined_2, infiniplex_forest_corner_1,
          infiniplex_forest_end_double, infiniplex_forest_lined_2,
          infiniplex_forest_straight_2, uniq_urug

Skill      XL: |  1  2  3  4  5  6  7  8  9 10 11 12 13 14 |
---------------+-------------------------------------------+-----
Spellcasting   | 3 4 5 7 8 9 11 13 14 | 14.0
Conjurations   | 5 6 7 8 9 11 13 14 | 14.0
Shields        | 4 |  4.2
Dodging        | 4 8 10 | 10.0
Evocations     | 6 9 10 | 10.0
Air Magic      | 5 10 | 10.4
Stealth        | |  1.7

Action                   |  1- 3 |  4- 6 |  7- 9 | 10-12 | 13-15 || total
-------------------------+-------+-------+-------+-------+-------++-------
Melee: Unarmed           |    29 |       |       |       |       ||    29
       Tailslap          |     1 |     7 |    25 |    25 |    53 ||   111
       Dagger            |     4 |    98 |    72 |       |       ||   174
       Long sword        |       |       |   137 |   166 |    35 ||   338
       Whip              |       |       |       |       |   445 ||   445
Throw: Dart              |       |    21 |     7 |     1 |    12 ||    41
 Cast: Magic Dart        |    93 |   163 |   112 |    82 |    82 ||   532
       Iskenderun's Myst |       |     6 |    56 |   317 |   475 ||   854
       Conjure Ball Ligh |       |       |       |       |     2 ||     2
       Summon Lightning  |       |       |       |       |     2 ||     2
Invok: Call Merchant     |       |       |       |       |     1 ||     1
       Potion Petition   |       |       |       |       |     1 ||     1
 Abil: Breathe Steam     |       |       |    14 |    26 |    13 ||    53
       Evoke Flight      |       |       |       |     3 |       ||     3
Evoke: Wand              |       |       |       |    18 |    21 ||    39
  Use: Scroll            |       |    11 |       |     8 |    13 ||    32
       Potion            |       |       |       |       |     6 ||     6
 Stab: Sleeping          |     1 |     2 |     1 |       |     3 ||     7
       Distracted        |       |       |     1 |     1 |     1 ||     3
       Invisible         |       |       |       |       |     9 ||     9
  Eat: Chunk             |     3 |     8 |    13 |       |       ||    24
       Ration            |       |       |     4 |    16 |    15 ||    35
Armor: Skin              |    18 |    57 |    95 |   109 |   240 ||   519
Dodge: Dodged            |    29 |    85 |   167 |   213 |   527 ||  1021
Block: Buckler           |       |       |    41 |    99 |   244 ||   384
       Reflection        |       |       |       |       |    16 ||    16
       Rpst.: Long sword |       |       |    34 |    58 |    20 ||   112

Table legend:
 A = Non-vault XP
 B = Vault XP
 C = Vault XP percentage of total XP
 D = Non-vault monster count
 E = Vault monster count
 F = Vault count percentage of total count
                 A         B        C        D         E       F
            +---------+---------+-------+---------+---------+-------
      Total |   66322 |   36212 |  35.3 |     467 |     278 |  37.3
            +---------+---------+-------+---------+---------+-------
        D:1 |      45 |       0 |   0.0 |      29 |       0 |   0.0
        D:2 |      89 |       5 |   5.3 |      26 |       1 |   3.7
        D:3 |     137 |     241 |  63.8 |      27 |       7 |  20.6
        D:4 |    1575 |       0 |   0.0 |      16 |       0 |   0.0
        D:5 |     620 |       0 |   0.0 |      27 |       0 |   0.0
        D:6 |     968 |     676 |  41.1 |      29 |       4 |  12.1
        D:7 |    1217 |     955 |  44.0 |      20 |       7 |  25.9
        D:8 |    1040 |     395 |  27.5 |      23 |       1 |   4.2
        D:9 |     607 |     499 |  45.1 |       5 |      58 |  92.1
       D:10 |    2625 |       3 |   0.1 |      27 |       1 |   3.6
       D:11 |    1458 |    2498 |  63.1 |      10 |      20 |  66.7
       D:12 |    4566 |    5483 |  54.6 |      34 |      14 |  29.2
       D:13 |    9273 |       0 |   0.0 |      42 |       0 |   0.0
       D:14 |    4386 |     448 |   9.3 |      20 |       2 |   9.1
     Lair:1 |    1557 |    1117 |  41.8 |       6 |       5 |  45.5
     Lair:2 |    1635 |    1597 |  49.4 |       9 |       5 |  35.7
     Lair:3 |    6198 |     794 |  11.4 |      24 |       4 |  14.3
     Lair:4 |   11497 |    9039 |  44.0 |      40 |      56 |  58.3
     Lair:5 |    9450 |    1871 |  16.5 |      35 |       9 |  20.5
     Lair:6 |    7379 |    9135 |  55.3 |      18 |      24 |  57.1
    Ossuary |       0 |     243 | 100.0 |       0 |      30 | 100.0
     Bailey |       0 |    1213 | 100.0 |       0 |      30 | 100.0
            +---------+---------+-------+---------+---------+-------
